[Event "December 5 Early 2023"]
[Site "https://www.chess.com"]
[Date "2023.12.05"]
[Round "6"]
[White "Damjanovic, Vuk"]
[Black "Shuvalov, Evgenij"]
[Result "1-0"]
[Board "61"]
[TimeControl "180+1"]
[WhiteFideId "980021"]
[BlackFideId "4187237"]
[WhiteElo "2776"]
[BlackElo "2558"]
[WhiteTeam "SRB"]
[BlackTeam "FID"]
[WhiteClock "0:00:25"]
[BlackClock "0:00:41"]

1. e4 e6 2. b3 d5 3. Bb2 Nf6 4. e5 Ng8 5. f4 Nh6 6. Nf3 c5 7. g3 Nc6 8. Bg2 Nf5 9. O-O h5 10. Qe2 Be7 11. d3 d4 12. Nbd2 Ne3 13. Ne4 Nxf1 14. Rxf1 b6 15. Nfg5 Qc7 16. h4 g6 17. Qf3 Bb7 18. Nxf7 Kxf7 19. Ng5+ Kg8 20. Nxe6 Qd7 21. Bh3 Nd8 22. Nxd8 Bxf3 23. Bxd7 Rxd8 24. Be6+ Kg7 25. Rxf3 Rhe8 26. Bc4 Rb8 27. a4 Kh7 28. Kg2 Bf8 29. Bc1 Bg7 30. Bf7 Re7 31. e6 Bh6 32. Rf1 Kg7 33. f5 gxf5 34. Bxh6+ Kxh6 35. Rxf5 Kg7 36. Rxh5 Kf6 37. Kf3 b5 38. axb5 Rxb5 39. Kf4 Ra5 40. Rf5+ Kg7 41. Kg5 Ra2 42. h5 Rxc2 43. h6+ Kh8 44. Kf6 Rb7 45. e7 Rxe7 46. Kxe7 Kh7 47. Kf6 Rg2 48. Bg6+ Kh8 49. Re5 Rf2+ 50. Bf5 Re2 51. Rxe2 1-0

[Event "December 5 Early 2023"]
[Site "https://www.chess.com"]
[Date "2023.12.05"]
[Round "6"]
[White "Halkias, Stelios"]
[Black "1mbl4"]
[Result "0-1"]
[Board "62"]
[TimeControl "180+1"]
[WhiteFideId "4201809"]
[WhiteElo "2769"]
[BlackElo "2556"]
[WhiteTeam "GRE"]
[WhiteClock "0:00:01"]
[BlackClock "0:00:17"]

1. Nf3 Nf6 2. c4 g6 3. Nc3 Bg7 4. g3 O-O 5. Bg2 d5 6. cxd5 Nxd5 7. O-O Nb6 8. d4 Nc6 9. e3 a5 10. Qe2 e5 11. dxe5 Nxe5 12. Nxe5 Bxe5 13. e4 Re8 14. Be3 Be6 15. Rfd1 Qe7 16. f4 Bc4 17. Qf2 Bg7 18. e5 f6 19. Bxb7 Rab8 20. Bc6 Red8 21. Bc5 Qe6 22. exf6 Bxf6 23. Bf3 Bd3 24. Re1 Qc4 25. Rad1 Na4 26. Nxa4 Qxa4 27. b3 Qb5 28. Rc1 a4 29. bxa4 Qxa4 30. Be3 Rb2 31. Bc6 Qxa2 32. Qf3 Rxh2 33. Rcd1 Rc2 34. Be4 Qc4 35. Bxd3 Rxd3 36. Rxd3 Qxd3 37. Qa8+ Kg7 38. Bf2 Rxf2 39. Kxf2 Bd4+ 40. Kg2 Qd2+ 41. Kh3 Qxe1 42. Qd5 Bf6 43. Qd7+ Kh6 0-1

[Event "December 5 Early 2023"]
[Site "https://www.chess.com"]
[Date "2023.12.05"]
[Round "6"]
[White "Jaskolka, Tomasz"]
[Black "Samunenkov, Ihor"]
[Result "0-1"]
[Board "63"]
[TimeControl "180+1"]
[WhiteFideId "1170791"]
[BlackFideId "14187086"]
[WhiteElo "2554"]
[BlackElo "2758"]
[WhiteTeam "POL"]
[BlackTeam "UKR"]
[WhiteClock "0:00:00"]
[BlackClock "0:00:03"]

1. e4 e5 2. Nf3 Nf6 3. Nxe5 d6 4. Nf3 Nxe4 5. c4 Be7 6. Bd3 Nf6 7. Nc3 O-O 8. O-O Bg4 9. h3 Bh5 10. b3 Nc6 11. Bb2 d5 12. Re1 dxc4 13. Bxc4 Bc5 14. g4 Bg6 15. Qe2 Qd7 16. Ne5 Nxe5 17. Qxe5 Qxd2 18. Re2 Qd4 19. Qg5 Qd6 20. Kg2 Rae8 21. Rae1 Rxe2 22. Rxe2 Bd4 23. Rd2 c5 24. f3 Qe7 25. Re2 Qd7 26. h4 Re8 0-1

[Event "December 5 Early 2023"]
[Site "https://www.chess.com"]
[Date "2023.12.05"]
[Round "6"]
[White "Sharapov, Evgeny"]
[Black "Fier, Alexandr"]
[Result "0-1"]
[Board "64"]
[TimeControl "180+1"]
[WhiteFideId "14103133"]
[BlackFideId "2107139"]
[WhiteElo "2553"]
[BlackElo "2745"]
[WhiteTeam "UKR"]
[BlackTeam "BRA"]
[WhiteClock "0:01:00"]
[BlackClock "0:02:30"]

1. e4 g6 2. d4 Bg7 3. Nc3 d6 4. f4 a6 5. Nf3 b5 6. Bd3 Bb7 7. Be3 Nd7 8. O-O b4 9. Ne2 Ngf6 10. e5 Nd5 11. Bd2 e6 12. c4 bxc3 13. bxc3 O-O 14. Kh1 Rb8 15. Rb1 N7b6 16. Ng3 a5 17. Ne4 f5 18. Neg5 Qd7 19. c4 Nb4 20. Bxb4 axb4 21. Rxb4 h6 22. Nh3 Bxf3 23. Qxf3 dxe5 24. dxe5 Rfd8 25. Nf2 Ra8 26. Rb2 Ra3 27. Rd1 Na4 28. Bc2 Rxf3 29. Rxd7 Rxd7 30. gxf3 Nxb2 0-1

[Event "December 5 Early 2023"]
[Site "https://www.chess.com"]
[Date "2023.12.05"]
[Round "6"]
[White "Hajiyev, Kanan"]
[Black "Atakhan, Abtin"]
[Result "0-1"]
[Board "65"]
[TimeControl "180+1"]
[WhiteFideId "13404148"]
[BlackFideId "22502203"]
[WhiteElo "2551"]
[BlackElo "2730"]
[WhiteTeam "AZE"]
[BlackTeam "IRI"]
[WhiteClock "0:02:07"]
[BlackClock "0:00:17"]

1. d4 Nf6 2. Nf3 d5 3. c4 e6 4. cxd5 exd5 5. Nc3 c6 6. Qc2 g6 7. Bg5 Be7 8. e3 Bf5 9. Bd3 Bxd3 10. Qxd3 Nbd7 11. O-O O-O 12. Qc2 Re8 13. Rac1 Bd6 14. Bh4 Qe7 15. a3 Qe6 16. Ne2 Ne4 17. Ng5 Qg4 18. Nxe4 Bxh2+ 19. Kxh2 Qxh4+ 20. Kg1 dxe4 21. Ng3 Nf6 22. Rfd1 Ng4 23. Nf1 Re6 24. Qc5 Qxf2+ 25. Kh1 Qh4+ 26. Kg1 Rf6 27. Rd2 Rxf1+ 28. Kxf1 Qh1+ 29. Ke2 Qxg2+ 30. Ke1 Qg1+ 31. Ke2 Qf2+ 32. Kd1 Nxe3# 0-1

[Event "December 5 Early 2023"]
[Site "https://www.chess.com"]
[Date "2023.12.05"]
[Round "6"]
[White "Erzhanov, Arman"]
[Black "Kislinsky, Alexey"]
[Result "1/2-1/2"]
[Board "66"]
[TimeControl "180+1"]
[WhiteFideId "4138821"]
[BlackFideId "14108801"]
[WhiteElo "2548"]
[BlackElo "2713"]
[WhiteTeam "KAZ"]
[BlackTeam "CZE"]
[WhiteClock "0:00:15"]
[BlackClock "0:00:07"]

1. e4 c5 2. Nf3 Nc6 3. Bb5 Nf6 4. e5 Nd5 5. Nc3 Nc7 6. Bxc6 dxc6 7. Ne4 b6 8. O-O h6 9. h3 g5 10. Nh2 Bf5 11. Re1 Ne6 12. d3 Bg7 13. Ng3 Bg6 14. Nh5 Bf8 15. b3 Qd4 16. Rb1 O-O-O 17. Ng3 h5 18. Nf3 Qd5 19. Nxg5 Nd4 20. h4 Bg7 21. f4 f6 22. exf6 exf6 23. Nf3 Nf5 24. Nxf5 Bxf5 25. Nh2 Rhe8 26. Bd2 Bg6 27. Qf3 Qd4+ 28. Be3 Qc3 29. f5 Bf7 30. Re2 Kb7 31. Rbe1 Qe5 32. Bf2 Qc3 33. Rxe8 Rxe8 34. Rxe8 Bxe8 35. Qe2 Qe5 36. Qxe5 fxe5 37. g4 hxg4 38. Nxg4 Bh5 39. f6 Bf8 40. Nxe5 Kc7 41. Bg3 Bd6 42. Kf2 Bxe5 43. Bxe5+ Kd7 44. Ke3 a5 45. Kf4 b5 46. c3 Ke6 47. d4 cxd4 48. cxd4 Bg6 49. Kg5 Bb1 50. a3 b4 51. axb4 axb4 52. Bc7 Bc2 53. Ba5 Bxb3 54. Bxb4 Bc2 55. Be7 Bh7 56. Kh6 Be4 57. h5 Kf7 58. Kg5 Bh7 59. Kf4 Bd3 60. Ke5 Be2 61. h6 Bd3 62. Kd6 Be4 63. h7 Bxh7 64. Kxc6 Be4+ 65. d5 Bf3 66. Kc5 Bg2 67. Kd4 Bh1 68. Ke5 Bf3 69. Bc5 Bh1 70. Be3 Bg2 71. Bg5 Bh1 72. Kd6 Bg2 73. Bf4 Bh1 74. Be5 Bg2 75. Bb2 Bh1 76. Ke5 Bg2 77. d6 Bh1 78. Bc3 Bc6 79. Bb4 Bd7 80. Bc3 Bc6 81. Kd4 Bd7 82. Kc5 Ke6 83. Kb6 Ba4 84. Kc7 Bb5 85. Be5 Ba4 86. Kd8 Bb5 87. Kc7 Ba4 88. Kb6 Be8 89. Kc7 Ba4 1/2-1/2

[Event "December 5 Early 2023"]
[Site "https://www.chess.com"]
[Date "2023.12.05"]
[Round "6"]
[White "Thorfinnsson, Bjorn"]
[Black "Pourramezanali, Amirreza"]
[Result "1-0"]
[Board "67"]
[TimeControl "180+1"]
[WhiteFideId "2300982"]
[BlackFideId "12511412"]
[WhiteElo "2550"]
[BlackElo "2711"]
[WhiteTeam "ISL"]
[BlackTeam "IRI"]
[WhiteClock "0:01:01"]
[BlackClock "0:00:24"]

1. d4 d5 2. Nf3 Nf6 3. Bg5 h6 4. Bh4 c5 5. e3 Nc6 6. c3 Bg4 7. h3 Bxf3 8. Qxf3 e6 9. Bd3 Be7 10. O-O e5 11. dxe5 Nxe5 12. Bb5+ Kf8 13. Qe2 Ne4 14. Bxe7+ Qxe7 15. Bd3 Nxd3 16. Qxd3 Rd8 17. Nd2 Nf6 18. Rad1 g6 19. Qc2 Kg7 20. Nb3 b6 21. Rfe1 Rd6 22. Nd2 Re8 23. Nf3 Red8 24. b3 Ne4 25. Nd2 Ng5 26. c4 Qd7 27. Nb1 Kg8 28. Nc3 dxc4 29. Rxd6 Qxd6 30. Rd1 Qb8 31. bxc4 Rxd1+ 32. Qxd1 Qe5 33. Qd3 Ne6 34. f4 Qc7 35. Nd5 Qd8 36. Qc3 Nc7 37. Qe5 Nxd5 38. cxd5 c4 39. d6 c3 40. Qe7 Qf8 41. Qc7 c2 42. d7 Kh7 43. Qxc2 Qd6 44. Qc8 1-0

[Event "December 5 Early 2023"]
[Site "https://www.chess.com"]
[Date "2023.12.05"]
[Round "6"]
[White "Kozak, Antoni"]
[Black "Gavrilov, Maxim"]
[Result "1-0"]
[Board "68"]
[TimeControl "180+1"]
[WhiteFideId "21832030"]
[BlackFideId "24271454"]
[WhiteElo "2708"]
[BlackElo "2542"]
[WhiteTeam "POL"]
[BlackTeam "RUS"]
[WhiteClock "0:01:46"]
[BlackClock "0:00:00"]

1. e4 c5 2. Nf3 d6 3. Nc3 Nf6 4. h3 a6 5. a4 g6 6. Bc4 Bg7 7. O-O O-O 8. d3 Nc6 9. Re1 e6 10. Bf4 d5 11. Bb3 c4 12. dxc4 dxe4 13. Ng5 e5 14. Be3 Bf5 15. Bc5 Re8 16. g4 Nxg4 17. Qxd8 Raxd8 18. hxg4 Bxg4 19. Ngxe4 Nd4 20. Bxd4 exd4 21. Nd5 Kh8 22. Ng5 Rf8 23. Re7 Rd7 24. Rae1 h6 25. Rxd7 Bxd7 26. Re7 Be8 27. Ne4 f5 28. Nd6 Bc6 29. Nb4 Bf3 30. c5 f4 31. Nxb7 d3 32. Nxd3 g5 33. Nd6 g4 34. Ne5 Ba8 35. Ng6+ Kh7 36. Nxf8+ 1-0

[Event "December 5 Early 2023"]
[Site "https://www.chess.com"]
[Date "2023.12.05"]
[Round "6"]
[White "Yelisieiev, Yevhenii"]
[Black "Williams, Simon K"]
[Result "1-0"]
[Board "69"]
[TimeControl "180+1"]
[WhiteFideId "14139642"]
[BlackFideId "404454"]
[WhiteElo "2543"]
[BlackElo "2707"]
[WhiteTeam "GER"]
[BlackTeam "ENG"]
[WhiteClock "0:00:51"]
[BlackClock "0:00:20"]

1. d4 e6 2. Nf3 f5 3. d5 exd5 4. Qxd5 d6 5. Ng5 Qe7 6. Nxh7 Rxh7 7. Qxg8 Rh4 8. Qb3 Nc6 9. c3 Ne5 10. Be3 f4 11. Bd4 Nd3+ 12. Kd1 Nc5 13. Qc2 Qf7 14. Nd2 Bf5 15. Qc1 O-O-O 16. Nf3 Rh5 17. h4 Ne4 18. Ke1 c5 19. Qxf4 g5 20. Nxg5 Nxg5 21. g4 Ne6 22. Qf3 cxd4 23. gxh5 Bh6 24. Bh3 Bxh3 25. Qxf7 Nf4 26. Rxh3 1-0

[Event "December 5 Early 2023"]
[Site "https://www.chess.com"]
[Date "2023.12.05"]
[Round "6"]
[White "Ozates, Tuna"]
[Black "Arabidze, Meri"]
[Result "0-1"]
[Board "70"]
[TimeControl "180+1"]
[WhiteFideId "6354521"]
[BlackFideId "13604040"]
[WhiteElo "2538"]
[BlackElo "2707"]
[WhiteTeam "TUR"]
[BlackTeam "GEO"]
[WhiteClock "0:00:10"]
[BlackClock "0:00:07"]

1. e4 c5 2. Nf3 e6 3. d4 cxd4 4. Nxd4 Nc6 5. Nc3 a6 6. a3 Qc7 7. Be3 b5 8. Nxc6 Qxc6 9. Bd3 Bb7 10. O-O Nf6 11. Kh1 Bc5 12. Bxc5 Qxc5 13. f4 d6 14. Qf3 O-O 15. Rae1 b4 16. axb4 Qxb4 17. Qg3 d5 18. e5 Ne4 19. Bxe4 dxe4 20. f5 exf5 21. Rxf5 Qxb2 22. h4 Rac8 23. Nxe4 Bxe4 24. Rxe4 Qxc2 25. Qg4 Qb1+ 26. Kh2 Rc1 27. Rf3 Rh1+ 28. Kg3 Re1 29. Rff4 h5 30. Qf3 Rxe4 31. Rxe4 a5 32. Re3 Qc1 33. Qe4 a4 34. Rf3 a3 35. e6 Qc7+ 36. Kh3 a2 37. exf7+ Kh8 38. Qa4 Qc8+ 39. Kh2 Qb8+ 40. Kh3 Qb1 41. Qa5 a1=Q 42. Qxh5+ Qh7 43. Qc5 Qa8 44. g4 Qc8 45. Kg3 Qxc5 46. g5 Qd6+ 47. Kg4 g6 48. Rf5 Qg7 49. Rf6 Qd4+ 50. Kg3 Qdxf6 51. gxf6 Qxf6 52. h5 Rxf7 53. hxg6 Qxg6+ 54. Kh3 Rh7# 0-1

[Event "December 5 Early 2023"]
[Site "https://www.chess.com"]
[Date "2023.12.05"]
[Round "6"]
[White "Pakleza, Zbigniew"]
[Black "Silva Lucena, Cristian"]
[Result "0-1"]
[Board "71"]
[TimeControl "180+1"]
[WhiteFideId "1119290"]
[BlackFideId "2232588"]
[WhiteElo "2705"]
[BlackElo "2536"]
[WhiteTeam "POL"]
[BlackTeam "ESP"]
[WhiteClock "0:00:00"]
[BlackClock "0:00:16"]

1. d4 d5 2. Bf4 h5 3. h3 Bf5 4. c4 dxc4 5. Nc3 e6 6. e4 Bg6 7. Bxc4 Nd7 8. Nge2 c6 9. O-O Ngf6 10. Bh2 Nxe4 11. Nf4 Nxc3 12. bxc3 Bf5 13. Nxh5 Nb6 14. Bb3 Qg5 15. Ng3 Bd6 16. c4 Bf4 17. Qf3 Rd8 18. Rad1 Bg6 19. Rfe1 O-O 20. Kh1 Bxg3 21. Qxg3 Qxg3 22. Bxg3 Rd7 23. Bh4 a5 24. a4 Re8 25. Re5 Ra8 26. g4 f6 27. Rxe6 Bf7 28. Re3 Bxc4 29. Bxc4+ Nxc4 30. Rb3 Rad8 31. Rb6 Nxb6 0-1

[Event "December 5 Early 2023"]
[Site "https://www.chess.com"]
[Date "2023.12.05"]
[Round "6"]
[White "Hambleton, Aman"]
[Black "Pham, Le Thao Nguyen"]
[Result "1-0"]
[Board "72"]
[TimeControl "180+1"]
[WhiteFideId "2606577"]
[BlackFideId "12401226"]
[WhiteElo "2703"]
[BlackElo "2535"]
[WhiteTeam "CAN"]
[BlackTeam "VIE"]
[WhiteClock "0:00:03"]
[BlackClock "0:00:08"]

1. d4 d5 2. Bf4 c5 3. e3 cxd4 4. exd4 Nc6 5. c3 Nf6 6. Bd3 Bg4 7. Qb3 Qc8 8. Nd2 e6 9. Ngf3 Be7 10. O-O O-O 11. Rfe1 Bh5 12. a4 Na5 13. Qc2 Bg6 14. Bxg6 hxg6 15. Ne5 Nd7 16. Nd3 Nc4 17. Nf3 Re8 18. g3 a5 19. h4 Qc6 20. Kg2 b5 21. axb5 Qxb5 22. Rh1 Nf6 23. Ra2 Rec8 24. Bg5 Ng4 25. Qe2 Bf8 26. h5 gxh5 27. Rxh5 Qd7 28. Ra1 f5 29. Rah1 Bd6 30. R1h4 Kf7 31. Bf4 Rab8 32. Ng5+ Kf6 33. Rh7 Rg8 34. Bxd6 Qxd6 35. Nf3 a4 36. Rxg4 fxg4 37. Nfe5 Ke7 38. Qxg4 Nxb2 39. Qg5+ Kf8 40. Qf4+ Ke8 41. Qf7+ Kd8 42. Qxg8+ Kc7 43. Qxg7+ Kb6 44. Qa7+ Kb5 45. Rb7+ Rxb7 46. Qxb7+ Ka5 47. Nc6+ 1-0

[Event "December 5 Early 2023"]
[Site "https://www.chess.com"]
[Date "2023.12.05"]
[Round "6"]
[White "Chernomordik, Pavel"]
[Black "Boyer, Mahel"]
[Result "0-1"]
[Board "73"]
[TimeControl "180+1"]
[WhiteFideId "2804530"]
[BlackFideId "45102422"]
[WhiteElo "2534"]
[BlackElo "2696"]
[WhiteTeam "ISR"]
[BlackTeam "FRA"]
[WhiteClock "0:00:46"]
[BlackClock "0:02:03"]

1. e4 Nc6 2. Nf3 d5 3. exd5 Qxd5 4. Nc3 Qh5 5. Nb5 Kd8 6. d4 Bg4 7. d5 Ne5 8. Be2 Nxf3+ 9. gxf3 Bd7 10. Bf4 Bxb5 11. Bxb5 Nf6 12. Bc4 g6 13. Qe2 Bh6 14. Bxc7+ Kxc7 15. Qxe7+ Nd7 16. O-O Qg5+ 17. Qxg5 Bxg5 18. Rfe1 Kd6 19. Rad1 Ne5 20. Be2 Rac8 21. c3 Bf4 22. Kg2 g5 23. Rd4 h5 24. Red1 Rhe8 25. Bf1 Ng6 26. Rb4 Nh4+ 27. Kh1 Rc7 28. Re4 Rce7 29. Bg2 Rxe4 30. fxe4 Nxg2 31. Kxg2 Rxe4 32. Kf3 Re5 33. c4 Bxh2 34. b4 b6 35. Rc1 g4+ 36. Kg2 Bf4 37. Rc2 h4 38. c5+ bxc5 39. bxc5+ Kxd5 40. c6 Re7 0-1

[Event "December 5 Early 2023"]
[Site "https://www.chess.com"]
[Date "2023.12.05"]
[Round "6"]
[White "Andreev, Konstantin"]
[Black "Paltrinieri, Nicholas"]
[Result "1-0"]
[Board "74"]
[TimeControl "180+1"]
[WhiteFideId "24239305"]
[BlackFideId "828262"]
[WhiteElo "2526"]
[BlackElo "2695"]
[WhiteTeam "ITA"]
[BlackTeam "ITA"]
[WhiteClock "0:00:15"]
[BlackClock "0:00:09"]

1. e4 g6 2. d4 Bg7 3. Nc3 d6 4. h4 h5 5. Be3 a6 6. f3 b5 7. Qd2 Nd7 8. O-O-O Bb7 9. Nh3 e6 10. Ng5 Ngf6 11. Ne2 Qe7 12. Nf4 Nb6 13. Kb1 O-O-O 14. g3 Kb8 15. Qf2 d5 16. e5 Nfd7 17. g4 hxg4 18. fxg4 Rc8 19. Bd3 Nc4 20. Bc1 c5 21. dxc5 Nxc5 22. Bxc4 dxc4 23. Rhe1 Bh6 24. Nfh3 Bxg5 25. Nxg5 Rc7 26. Rd6 Bd5 27. Bf4 Kb7 28. Be3 Na4 29. Rf1 b4 30. Bd4 b3 31. axb3 cxb3 32. c3 Rf8 33. Qf4 Nc5 34. Bxc5 Rxc5 35. Qb4+ Rb5 36. Rb6+ Kxb6 37. Qxe7 Rc8 38. Rxf7 Rc4 39. Nxe6 Be4+ 40. Kc1 Rd5 41. Qb7+ Ka5 42. Rc7 Bf3 43. Nd4 Rdxd4 44. Qxf3 Rxc7 45. e6 Rdc4 46. Qe3 Re7 47. Qe5+ Kb6 48. Qd6+ Rc6 49. Qxe7 a5 50. Qd8+ Kc5 51. e7 1-0

[Event "December 5 Early 2023"]
[Site "https://www.chess.com"]
[Date "2023.12.05"]
[Round "6"]
[White "Nigalidze, Gaioz"]
[Black "Yashmetov, Mikhail"]
[Result "1-0"]
[Board "75"]
[TimeControl "180+1"]
[WhiteFideId "13603078"]
[BlackFideId "24198900"]
[WhiteElo "2690"]
[BlackElo "2521"]
[WhiteTeam "GEO"]
[BlackTeam "RUS"]
[WhiteClock "0:01:04"]
[BlackClock "0:00:00"]

1. e4 c6 2. d4 d5 3. exd5 cxd5 4. Nf3 Nf6 5. Nc3 Nc6 6. Be2 g6 7. O-O Bg7 8. h3 O-O 9. a3 Ne4 10. Nb1 Qb6 11. c3 Bf5 12. Nbd2 Rad8 13. Re1 e5 14. Nb3 a5 15. a4 exd4 16. Nbxd4 Nxd4 17. Nxd4 Bxd4 18. Qxd4 Qxd4 19. cxd4 Rfe8 20. Bb5 Bd7 21. Bd3 Nd6 22. Bg5 Rxe1+ 23. Rxe1 Re8 24. Rxe8+ Bxe8 25. Bd8 Bxa4 26. Bxa5 Bb5 27. Bc2 Nc4 28. Bc3 Kf8 29. Bb3 Ke7 30. Bb4+ Ke6 31. Bc3 h5 32. f3 Nd6 33. g4 Bc4 34. Bc2 hxg4 35. hxg4 Nb5 36. Kf2 f5 37. gxf5+ gxf5 38. Ke3 Bf1 39. Kf4 Bh3 40. Kg5 Nd6 41. Bb4 Nc4 42. b3 Ne3 43. Bd3 Bf1 44. Bb1 Be2 45. Kf4 Ng2+ 46. Kg3 Bd1 47. Kxg2 Bxb3 48. Kg3 Bd1 49. Kf4 Kf6 50. Bxf5 Bxf3 51. Kxf3 Kxf5 52. Bc5 b5 53. Bb4 Kg5 54. Ke3 Kg4 55. Kd3 Kf3 56. Kc3 Ke3 57. Bc5 Ke4 58. Kb4 1-0

[Event "December 5 Early 2023"]
[Site "https://www.chess.com"]
[Date "2023.12.05"]
[Round "6"]
[White "Devaev, Alexander"]
[Black "Danielyan, Vahe"]
[Result "1/2-1/2"]
[Board "76"]
[TimeControl "180+1"]
[WhiteFideId "4169395"]
[BlackFideId "13304828"]
[WhiteElo "2518"]
[BlackElo "2681"]
[WhiteTeam "RUS"]
[BlackTeam "ARM"]
[WhiteClock "0:00:11"]
[BlackClock "0:00:54"]

1. d4 Nf6 2. c4 e6 3. Nc3 Bb4 4. e3 O-O 5. Bd3 Re8 6. Ne2 d5 7. a3 Bf8 8. b3 b6 9. Bb2 Bb7 10. O-O Nbd7 11. Rc1 c5 12. cxd5 Nxd5 13. Nxd5 Bxd5 14. Qc2 g6 15. Rfd1 Rc8 16. Ba6 Rc6 17. Bb5 Rc8 18. Ba6 Rc7 19. e4 Ba8 20. dxc5 Bxc5 21. Qd3 Qh4 22. Ng3 Nf6 23. Bd4 Rd7 24. Bxf6 Bxf2+ 25. Kxf2 Qxf6+ 26. Qf3 Qb2+ 27. Be2 Rxd1 28. Rxd1 Qxa3 29. h4 Qe7 30. h5 Rd8 31. Rxd8+ Qxd8 32. h6 Qg5 33. Qc3 Qxh6 34. Qc8+ Qf8 35. Qc7 Qc5+ 36. Qxc5 bxc5 37. e5 Kg7 38. Bf3 Bxf3 39. Kxf3 f6 40. Ne4 fxe5 41. Nxc5 Kf6 42. Ke4 h5 43. Na6 Kg5 44. Nc7 Kg4 45. Nxe6 Kg3 46. Kxe5 Kxg2 47. Nf4+ Kf3 48. Nxg6 Ke3 49. Kd5 Kd3 50. b4 Kc3 51. Kc5 Kb3 52. Kb5 Ka3 53. Nh4 Kb3 54. Nf5 Kc3 55. Ka5 Kc4 56. b5 Kc5 57. Nh4 Kc4 58. Ka6 Kb4 59. Nf5 Kc5 60. Nh4 Kb4 61. Nf3 Kc5 62. Ka5 Kc4 63. Ne5+ Kc5 64. Nf3 Kc4 65. Ka6 Kc5 66. Nh4 Kc4 67. Ng6 Kc5 68. Nh4 1/2-1/2

[Event "December 5 Early 2023"]
[Site "https://www.chess.com"]
[Date "2023.12.05"]
[Round "6"]
[White "Nagare Kaivalya Sandip"]
[Black "Sreyas Payyappat"]
[Result "1-0"]
[Board "77"]
[TimeControl "180+1"]
[WhiteFideId "25957929"]
[BlackFideId "46674969"]
[WhiteElo "2667"]
[BlackElo "2506"]
[WhiteTeam "IND"]
[BlackTeam "IND"]
[WhiteClock "0:02:08"]
[BlackClock "0:00:03"]

1. d4 Nf6 2. Nf3 c5 3. d5 g6 4. c4 Bg7 5. Nc3 O-O 6. e4 d6 7. Be2 e6 8. O-O exd5 9. exd5 Bg4 10. Bf4 Re8 11. h3 Bf5 12. Bd3 Bxd3 13. Qxd3 Nbd7 14. Bxd6 Qb6 15. Bh2 Qxb2 16. Rab1 Qa3 17. Rb3 Qa6 18. Nb5 Qxa2 19. Nc7 Nb6 20. Nxe8 Rxe8 21. Be5 Nfd7 22. Bxg7 Kxg7 23. Qc3+ Kg8 24. Ra1 Qe2 25. Re1 1-0

[Event "December 5 Early 2023"]
[Site "https://www.chess.com"]
[Date "2023.12.05"]
[Round "6"]
[White "Mazurkiewicz, Michal"]
[Black "Tasev, Dejan"]
[Result "0-1"]
[Board "78"]
[TimeControl "180+1"]
[WhiteFideId "1124943"]
[BlackFideId "936618"]
[WhiteElo "2495"]
[BlackElo "2665"]
[WhiteTeam "POL"]
[BlackTeam "SRB"]
[WhiteClock "0:00:00"]
[BlackClock "0:00:11"]

1. e4 Nf6 2. d3 d6 3. g3 g6 4. Bg2 Bg7 5. Nf3 O-O 6. O-O c5 7. Re1 Nc6 8. e5 Ng4 9. exd6 exd6 10. h3 Nf6 11. Nc3 a6 12. a4 h6 13. d4 Bf5 14. Be3 Nb4 15. dxc5 Nxc2 16. Qxd6 Nxa1 17. Rxa1 Qc8 18. Nd4 Bxh3 19. Bh1 Rd8 20. Qb6 Rd7 21. c6 bxc6 22. Bxc6 Rb8 23. Bxd7 Nxd7 24. Qc6 Qxc6 25. Nxc6 Rxb2 26. Rc1 Bg4 27. Nd4 Ne5 28. Nd5 Nf3+ 29. Nxf3 Bxf3 30. Kh2 Bxd5 31. g4 Ra2 32. Kg3 Rxa4 33. Rc8+ Kh7 34. Rc7 Be6 35. Ra7 a5 36. f3 Ra3 37. Bb6 a4 38. Bc5 Ra2 39. f4 Bd5 40. f5 Be5+ 0-1

[Event "December 5 Early 2023"]
[Site "https://www.chess.com"]
[Date "2023.12.05"]
[Round "6"]
[White "Tabuenca Mendataurigoitia, Daniel"]
[Black "Vlassov, Nikolai"]
[Result "0-1"]
[Board "79"]
[TimeControl "180+1"]
[WhiteFideId "24563617"]
[BlackFideId "4103360"]
[WhiteElo "2485"]
[BlackElo "2659"]
[WhiteTeam "ESP"]
[BlackTeam "FID"]
[WhiteClock "0:00:00"]
[BlackClock "0:00:04"]

1. Nf3 c5 2. g3 Nc6 3. Bg2 e5 4. e4 d6 5. O-O f5 6. exf5 Bxf5 7. c3 Bd3 8. Re1 c4 9. b3 Be7 10. bxc4 Nf6 11. Na3 O-O 12. c5 e4 13. Ng5 d5 14. Ne6 Qd7 15. Nxf8 Rxf8 16. h3 Bxc5 17. Re3 Qf5 18. Nc2 Ne5 19. Nd4 Qg6 20. Ne6 Bxe3 21. Nxf8 Bxf2+ 22. Kxf2 Kxf8 23. Ba3+ Kg8 24. Qb3 h5 25. Qxb7 Qf5+ 26. Kg1 Qg5 27. Bd6 Kh7 28. Qe7 Ng6 29. Qf7 Qxd2 30. Be7 Qxc3 31. Bxf6 Qxf6 32. Qxf6 gxf6 33. Kf2 d4 34. g4 e3+ 35. Kg3 h4+ 36. Kf3 Ne5+ 37. Kf4 e2 38. Re1 Bc4 39. Be4+ Kh6 40. Bf5 d3 41. Ke3 Kg5 42. Rc1 Bb5 43. a4 Ba6 44. Rb1 Nc4+ 45. Kf2 d2 46. Kxe2 Na3+ 47. Kxd2 Nxb1+ 48. Bxb1 Bf1 49. Kc3 Bxh3 50. Kb4 Bxg4 51. Ka5 Be2 0-1

[Event "December 5 Early 2023"]
[Site "https://www.chess.com"]
[Date "2023.12.05"]
[Round "6"]
[White "Yurasova, Daria"]
[Black "Kokoszczynski, Jan"]
[Result "0-1"]
[Board "80"]
[TimeControl "180+1"]
[WhiteFideId "34146919"]
[BlackFideId "1174460"]
[WhiteElo "2466"]
[BlackElo "2657"]
[WhiteTeam "RUS"]
[BlackTeam "POL"]
[WhiteClock "0:00:00"]
[BlackClock "0:00:33"]

1. d4 Nf6 2. Bg5 g6 3. Bxf6 exf6 4. e3 Bg7 5. g3 O-O 6. Bg2 d5 7. Ne2 c6 8. Nd2 h5 9. O-O h4 10. c4 dxc4 11. Nxc4 Be6 12. Qc2 hxg3 13. hxg3 Bd5 14. Bxd5 Qxd5 15. Nf4 Qg5 16. Nd6 b6 17. Ne4 Qf5 18. Rac1 Rd8 19. Kg2 Na6 20. a3 Rac8 21. b4 c5 22. bxc5 bxc5 23. Nxc5 Qxc2 24. Rxc2 Bf8 25. Rfc1 Nxc5 26. dxc5 Rc6 27. Kf3 g5 28. Ne2 Rd5 29. Nd4 Rcxc5 30. Rxc5 Bxc5 31. Ke4 Re5+ 32. Kd3 Bxd4 33. exd4 Rf5 34. Ke3 g4 35. Rc8+ Kg7 36. a4 Rf3+ 37. Ke2 Ra3 38. d5 Rxa4 39. d6 Rd4 40. Rd8 f5 41. d7 Kf6 42. Ke3 Rd5 43. Kf4 Rd3 0-1

[Event "December 5 Early 2023"]
[Site "https://www.chess.com"]
[Date "2023.12.05"]
[Round "6"]
[White "Liu, Casper"]
[Black "Antunez Soler, Luis"]
[Result "0-1"]
[Board "81"]
[TimeControl "180+1"]
[WhiteFideId "1454153"]
[BlackFideId "3513335"]
[WhiteElo "2454"]
[BlackElo "2655"]
[WhiteTeam "DEN"]
[BlackTeam "CUB"]
[WhiteClock "0:00:17"]
[BlackClock "0:00:17"]

1. d4 d5 2. Bf4 Nf6 3. e3 c5 4. Nf3 Nc6 5. Be2 cxd4 6. exd4 Qb6 7. Nc3 a6 8. a3 Bg4 9. Na4 Qd8 10. O-O e6 11. h3 Bh5 12. b4 Ne4 13. Qd3 Bg6 14. Qe3 Bd6 15. c4 dxc4 16. Bxc4 O-O 17. d5 exd5 18. Bxd6 Qxd6 19. Rad1 Ne7 20. Nb6 Rad8 21. Nxd5 Nxd5 22. Bxd5 Qe7 23. Rfe1 Rfe8 24. Qb6 Kh8 25. Qxb7 Rd7 26. Qxa6 Red8 27. Bb3 f5 28. Rxd7 Qxd7 29. Ne5 Qd4 30. Nxg6+ hxg6 31. Qe2 Qc3 32. Qc2 Qxe1+ 33. Kh2 Qxf2 34. Qc7 Qd4 35. Qf7 Qd6+ 36. Kg1 Qf6 37. Qc4 Qd4+ 38. Kh2 Qxc4 39. Bxc4 Nd2 40. Be2 Ra8 41. b5 Rxa3 42. b6 Rb3 43. h4 Rxb6 44. h5 Kh7 45. h6 gxh6 46. g4 g5 47. Bd3 Kg7 48. Bxf5 Kf6 49. Kg2 Nc4 50. Kf2 Nd6 51. Ke2 Nxf5 52. gxf5 Kxf5 53. Kd3 h5 54. Kd4 Re6 55. Kc5 g4 56. Kd4 g3 57. Kd5 g2 58. Kd4 g1=Q+ 59. Kd5 Qd1+ 0-1